Map: Prion Terraces

Players

Fropez - Winner!

  • Race: Protoss Protoss
  • League: Silver
  • Spawn Location: 5:00

Aryu

  • Race: Protoss Protoss
  • League: Silver
  • Spawn Location: 11:00

VOD

Have the link to the VOD?

Description

Time

  • Played on: Feb. 12, 2016, 5:25 p.m.
  • Length: 9:19
Show
View Real Time Build Order
Export as new Build Order

Fropez Protoss - Winner!

Build Orders:  

Get SALT Encoding   

  12  0:07  Probe (Chrono Boost)  
  13  0:22  Pylon  
  13  0:27  Pylon  
  13  0:30  Probe (Chrono Boost)  
  13  0:34  Pylon  
  14  0:41  Probe (Chrono Boost)  
  15  0:51  Probe (Chrono Boost)  
  15  0:52  Gateway  
  16  1:02  Probe (Chrono Boost)  
  17  1:12  Probe (Chrono Boost)  
  18  1:23  Probe (Chrono Boost)  
  19  1:39  Zealot  
  21  1:41  Probe (Chrono Boost)  
  22  1:52  Probe (Chrono Boost)  
  23  2:02  Probe (Chrono Boost)  
  23  2:06  Gateway  
  24  2:13  Probe (Chrono Boost)  
  25  2:16  Assimilator  
  25  2:20  Assimilator  
  25  2:26  Cybernetics Core  
  25  2:33  Pylon  
  25  2:34  Probe (Chrono Boost)  
  26  3:14  Pylon  
  26  3:22  Probe (Chrono Boost)  
  25  3:42  Pylon  
  25  3:59  Warp Gate (Chrono Boost)  
  25  4:00  Probe  
  26  4:10  Stalker  
  26  4:13  Stalker  
  26  4:16  Nexus  
  30  4:18  Pylon  
  30  4:21  Pylon  
  30  4:25  Pylon  
  30  4:27  Probe  
  30  4:29  Nexus  
  31  4:39  Probe  
  31  4:42  Twilight Council  
  32  4:49  Stalker  
  32  4:50  Gateway  
  32  4:51  Probe  
  35  5:01  Stalker  
  35  5:03  Probe  
  38  5:15  Probe, Gateway  
  39  5:28  Mothership Core  
  41  5:33  Probe  
  42  5:36  Forge, Gateway  
  42  5:44  Probe  
  42  5:46  Probe  
  44  5:59  Blink (Chrono Boost)  
  44  6:00  Probe  
  45  6:08  Probe  
  45  6:11  Protoss Ground Weapons Level 1 (Chrono Boost)  
  46  6:12  Pylon  
  46  6:15  Stalker  
  46  6:16  Stalker  
  46  6:18  Probe  
  51  6:20  Probe  
  52  6:25  Assimilator  
  52  6:28  Assimilator  
  52  6:36  Probe  
  52  6:37  Probe x2  
  52  6:38  Assimilator  
  55  6:43  Assimilator  
  55  6:45  Pylon  
  55  6:47  Probe  
  56  6:56  Forge  
  56  6:57  Stalker x2  
  56  6:58  Pylon x2  
  56  7:00  Probe  
  60  7:01  Probe  
  60  7:07  Photon Cannon  
  60  7:08  Pylon  
  62  7:17  Probe  
  62  7:18  Probe  
  62  7:20  Probe  
  65  7:34  Stalker x4  
  65  7:35  Stalker  
  75  7:41  Probe  
  75  7:42  Probe x2  
  77  8:00  Stalker x2  
  77  8:01  Stalker x3  
  87  8:29  Probe  
  87  8:31  Probe  
  87  8:32  Photon Cannon  
  89  8:35  Photon Cannon  
  89  8:36  Stalker x3  
  89  8:37  Stalker x2  
  99  8:45  Pylon  
  99  8:49  Pylon  
  97  9:00  Photon Cannon  
Show
View Real Time Build Order
Export as new Build Order

Aryu Protoss 

Build Orders: Forge Fast Expand (FFE) 

Get SALT Encoding   

  12  0:16  Probe (Chrono Boost)  
  13  0:22  Pylon  
  13  0:26  Probe (Chrono Boost)  
  14  0:37  Probe (Chrono Boost)  
  15  0:43  Forge  
  15  0:55  Pylon  
  15  1:01  Assimilator  
  14  1:18  Probe (Chrono Boost)  
  15  1:29  Probe (Chrono Boost)  
  16  1:35  Nexus  
  16  1:39  Probe (Chrono Boost)  
  17  1:58  Gateway  
  17  2:12  Assimilator  
  17  2:14  Probe (Chrono Boost)  
  18  2:16  Assimilator  
  18  2:25  Probe (Chrono Boost)  
  19  2:30  Gateway  
  19  2:54  Zealot  
  21  3:02  Photon Cannon  
  21  3:03  Photon Cannon  
  21  3:06  Photon Cannon  
  17  4:08  Pylon  
  17  4:10  Probe (Chrono Boost)  
  17  4:15  Probe (Chrono Boost)  
  19  4:20  Assimilator  
  19  4:21  Probe (Chrono Boost)  
  19  4:22  Assimilator  
  20  4:25  Probe (Chrono Boost)  
  21  4:32  Probe (Chrono Boost)  
  21  4:36  Probe (Chrono Boost)  
  23  4:42  Probe (Chrono Boost)  
  24  4:46  Probe (Chrono Boost)  
  26  4:53  Probe (Chrono Boost), Cybernetics Core  
  26  4:57  Probe (Chrono Boost)  
  26  4:58  Pylon, Zealot  
  26  4:59  Zealot  
  31  5:25  Photon Cannon  
  31  5:27  Photon Cannon  
  31  5:35  Warp Gate (Chrono Boost)  
  31  5:44  Stargate  
  31  5:52  Twilight Council, Probe  
  32  5:57  Probe  
  33  6:09  Probe  
  33  6:10  Adept x2  
  38  6:17  Robotics Facility  
  38  6:22  Probe  
  38  6:24  Mothership Core  
  39  6:29  Oracle  
  44  6:34  Probe  
  44  6:37  Dark Shrine  
  45  6:48  Adept  
  45  6:51  Resonating Glaives (Chrono Boost)  
  47  6:56  Protoss Ground Weapons Level 1  
  47  7:06  Warp Prism  
  46  8:18  Gateway  
  46  8:20  Gateway  
  46  8:22  Gateway  
  46  8:25  Gateway  
  46  8:31  Pylon  
  46  8:33  Pylon  
  46  8:36  Pylon  
  46  8:39  Pylon  
Tags
 
Add a new tag
Caveats
  • Supply blocks, unpowered buildings, or Contaminate may cause inaccurate times.
  • Supply counts are checked every 10 seconds.